[Event "Early-Titled-Tuesday-Blitz-October-10-2023"]
[Site "Chess.com"]
[Date "2023.10.10"]
[Round "5"]
[White "Zavgorodniy_Sergiy"]
[Black "scarabee43"]
[Result "1/2-1/2"]
[WhiteElo "2633"]
[BlackElo "2791"]
[TimeControl "180+1"]
[EndTime "8:55:39 PDT"]
[Termination "Game drawn by repetition"]

1. e4 c5 2. Nf3 e6 3. d3 Nc6 4. g3 g6 5. Bg5 Qc7 6. Bg2 Bg7 7.
c3 Nge7 8. O-O h6 9. Be3 b6 10. d4 cxd4 11. cxd4 d5 12. e5 Ba6 13. Re1 O-O 14. Nc3 Nf5 15. Bf4 g5 16. Be3 Nxe3 17.
Rxe3 Na5 18. Bf1 Bxf1 19. Qxf1 Nc4 20. Re2 Rac8 21. Rc1 Qe7 22. Qh3 f5 23. Qh5 Qf7 24. Qxf7+ Kxf7 25. Rec2 Na5 26. Nb5 Rxc2 27. Rxc2 a6 28.
Nd6+ Kg6 29. b4 Nc4 30. Nxc4 dxc4 31. Rxc4 Rb8 32. Rc6 Kf7 33. Ne1 Bf8 34. Nc2 h5 35. Kf1 h4 36. gxh4 gxh4 37. h3 Rb7 38. a3 Ke7 39. d5 exd5 40. Nd4 f4 41. Re6+ Kd7 42. Rf6 Be7 43. Rf7 Ke8 44. Rxf4 Rc7 45. Rg4 a5 46. bxa5 bxa5 47. a4 Rc1+ 48. Kg2 Re1 49. f4 Re4 50. Nf5 Bc5 51. Rg8+ Kf7 52. Rc8 Rxf4 53.
Nh6+ Kg7 54. Rxc5 Kxh6 55. Rxa5 Kg6 56. Rxd5 Rxa4 57. e6 Kf6 58. e7 Kxe7 59. Rg5 Ra2+ 60. Kh1 Ra3 61. Kh2 Ra8 62. Rg4 Rh8 63. Kg2 Kf6 64. Kf3 Kf5 65. Ra4 Rb8 66. Ra5+ Kg6 67. Ra6+ Kg5 68. Ra5+ Kf6 69. Ra6+ Kg7 70. Ra7+ Kg8 71. Ra4 Rb3+ 72. Kg4 Kg7 73. Kxh4 Re3 74. Kg4 Re6 75. h4 Rg6+ 76. Kf5 Rf6+ 77. Kg5 Rg6+ 78. Kf5 Rf6+ 79. Kg4 Rg6+ 80. Kf5 1/2-1/2

[Event "Early-Titled-Tuesday-Blitz-October-10-2023"]
[Site "Chess.com"]
[Date "2023.10.10"]
[Round "5"]
[White "Cambek64"]
[Black "erugee"]
[Result "1-0"]
[WhiteElo "2429"]
[BlackElo "2253"]
[TimeControl "180+1"]
[EndTime "8:55:39 PDT"]
[Termination "Cambek64 won on time"]

1. b3 e5 2. Bb2 d6 3. e3 f5 4. d4 Nc6 5. Nf3 e4 6. Ng1 Nf6 7. h4 Be7 8. c4 O-O 9. Nh3 Qe8 10. Nf4 Nd8 11. Nc3 c6 12. d5 c5 13. Be2 a6 14. Qd2 Qf7 15. O-O-O Nd7 16. f3 exf3 17. gxf3 Bf6 18. Rdg1 Re8 19. Ne6 Nxe6 20.
dxe6 Qxe6 21. Nd5 Bxb2+ 22. Qxb2 Qe5 23. Nc7 Qxb2+ 24. Kxb2 Rxe3 25. Nxa8 Rxe2+ 26. Kc3 Ne5 27. Rd1 Re3+ 28. Kc2 f4 29. Rxd6 Bf5+ 30. Kd1 Nxf3 31. Nc7 Nd4 32. Rf1 Rd3+ 33. Ke1 Nc2+ 34. Ke2 Rxd6 35.
Rxf4 g6 36. Nd5 Kg7 37. a4 Nd4+ 38. Kd2 Nxb3+ 39. Kc3 Nd4 40. Rf2 Re6 41. Rb2 b6 42.
Nxb6 Re3+ 43. Kd2 Re2+ 44. Kc3 Rxb2 45. Kxb2 Nf3 46. a5 Nxh4 47. Na4 Be6 48. Kc3 g5 49. Nxc5 Bc8 50. Kd4 g4 51. Ne4 h5 52. Ke5 Kg6 53. c5 Nf3+ 54. Kf4 Bb7 55. Nd6 Bc6 56. Nf5 Kf6 57.
Nh6 Nd2 58. Kg3 Ne4+ 59. Kh4 Kg6 60. Ng8 Kf7 61. Nh6+ Kg6 62. Ng8 Nxc5 63. Ne7+ Kf6 64. Nxc6 Ne4 65. Kxh5 g3 66. Nd4 g2 67. Ne2 Ke5 68.
Kg4 Kd5 69. Kf3 Nc3 70. Kxg2 1-0

[Event "Early-Titled-Tuesday-Blitz-October-10-2023"]
[Site "Chess.com"]
[Date "2023.10.10"]
[Round "5"]
[White "Msb2"]
[Black "BigAl"]
[Result "1/2-1/2"]
[WhiteElo "3054"]
[BlackElo "2609"]
[TimeControl "180+1"]
[EndTime "8:55:41 PDT"]
[Termination "Game drawn by stalemate"]

1. d4 Nf6 2. c4 g6 3. Nc3 Bg7 4. e4 O-O 5. Nf3 d6 6. Be2 Bg4 7. Be3 Nbd7 8. O-O e5 9. dxe5 dxe5 10. Qc2 Bxf3 11. Bxf3 c6 12. Rfd1 Qe7 13. a3 a5 14. Na4 Rfd8 15. c5 Nf8 16. Nb6 Rab8 17. Nc4 Ne6 18. Nxe5 Ne8 19. Nc4 Nxc5 20. Nxa5 Ne6 21.
Nb3 Ng5 22. Nd2 Nd6 23. Bf4 Nxf3+ 24. Nxf3 Rbc8 25. Bxd6 Rxd6 26. Rxd6 Qxd6 27. Rd1 Qe6 28. h4 h6 29. e5 Re8 30. Rd6 Qg4 31. Rd4 Qe6 32.
Re4 Qd5 33. Qe2 Re6 34. h5 g5 35. Rd4 Qa2 36. Rd8+ Bf8 37. Nd4 Re7 38. Kh2 Qb1 39. Qg4 Qe1 40. Qc8 Qxe5+ 41. g3 Kh7 42. Qf5+ Kg7 43. Qd3 Re8 44. Nf5+ Kf6 45. Ne3 Rxd8 46.
Qxd8+ Be7 47. Ng4+ Kf5 48. Qd7+ Qe6 49. Nxh6+ Ke4 50.
Qxe6+ fxe6 51. Kg2 Bf6 52. b3 Bb2 53. a4 Kd3 54.
Kf3 Kc2 55. Nf7 Kxb3 56. Ke4 Bf6 57. h6 c5 58. h7 c4 59. Nxg5 c3 60. Nf3 c2 61. Nd2+ Kb2 62. Nc4+ Kb1 63. Na3+ Kb2 64. Nxc2 Kxc2 65. f4 Kb3 66. g4 Kxa4 67. g5 Bh8 68. f5 exf5+ 69. Kxf5 b5 70. Ke6 b4 71. Kf7 b3 72. Kg8 b2 73. Kxh8 b1=Q 74. Kg7 Qb2+ 75.
Kg8 Qb8+ 76. Kg7 Qc7+ 77. Kg8 Qd8+ 78. Kg7 Qxg5+ 79. Kh8 Qf6+ 80. Kg8 Qg6+ 81. Kh8 Qg5 1/2-1/2

[Event "Early-Titled-Tuesday-Blitz-October-10-2023"]
[Site "Chess.com"]
[Date "2023.10.10"]
[Round "5"]
[White "DvaHrasta"]
[Black "SanchezKelvin"]
[Result "0-1"]
[WhiteElo "2446"]
[BlackElo "2585"]
[TimeControl "180+1"]
[EndTime "8:55:43 PDT"]
[Termination "SanchezKelvin won by checkmate"]

1. c4 Nf6 2. g3 c6 3. Bg2 d5 4.
cxd5 cxd5 5. Nf3 Nc6 6. d4 Bg4 7. O-O Bxf3 8. exf3 e6 9. Nc3 Qb6 10. Be3 Qxb2 11. Qd3 Qb6 12. Rab1 Nb4 13. Qd2 Qa6 14. a3 Qxa3 15. Rfc1 Na6 16. Bf1 Bb4 17. Bb5+ Kf8 18.
Bg5 Be7 19. Ra1 Qd6 20. Bf4 Qb6 21. Rcb1 Nb4 22. Be2 a5 23. Na4 Qd8 24. Nc5 b6 25. Nd3 Kg8 26. Ne5 Nd7 27. Bb5 Nxe5 28. Bxe5 Rc8 29. Rc1 f6 30. Bf4 Kf7 31. h4 Rxc1+ 32.
Rxc1 Bd6 33. h5 h6 34. Bd3 f5 35. Bb5 Qb8 36. Be3 Rc8 37. Kg2 Rxc1 38. Qxc1 Qc7 39. Bxh6 gxh6 40. Qxh6 Kg8 41. Qxe6+ Kh8 42. Qxf5 Qg7 43.
g4 Be7 44. f4 a4 45. g5 a3 46. h6 Qf8 47. Qe5+ Kh7 48. Bd7 Kg6 49. Kg3 Bd6 50.
Qe6+ Kh7 51. Qf5+ Qxf5 52. Bxf5+ Kh8 53. g6 Bf8 54. Bb1 Bxh6 55. Kg4 Bg7 56. Kf5 Bxd4 57. Ke6 Bxf2 58. f5 Bd4 59. f6 Bxf6 60. Kxf6 Kg8 61.
g7 a2 62. Bg6 a1=Q+ 63. Kf5 Qxg7 64. Bh5 Qf7+ 65. Bxf7+ Kxf7 66. Ke5 Ke7 67. Kd4 Kd6 68.
Kc3 Kc5 69. Kb3 b5 70. Kc3 d4+ 71. Kd2 Nc6 72. Kc2 Ne5 73. Kd2 Kc4 74. Kc2 b4 75. Kb2 b3 76. Kc1 Kc3 77. Kb1 Nd7 78. Kc1 Nc5 79.
Kb1 Na6 80. Kc1 Nb4 81. Kb1 Nd3 82. Ka1 b2+ 83. Kb1 Nc5 84. Ka2 Kc2 85. Ka3 Ne6 86. Ka2 b1=Q+ 87. Ka3 Qb3# 0-1

[Event "Early-Titled-Tuesday-Blitz-October-10-2023"]
[Site "Chess.com"]
[Date "2023.10.10"]
[Round "5"]
[White "viktorgen2021"]
[Black "kritipatel"]
[Result "1-0"]
[WhiteElo "2377"]
[BlackElo "2124"]
[TimeControl "180+1"]
[EndTime "8:55:50 PDT"]
[Termination "viktorgen2021 won by checkmate"]

1. d4 d5 2. c4 e6 3. Nf3 Nf6 4. g3 Be7 5. Bg2 O-O 6. O-O dxc4 7. Qa4 a6 8. Qxc4 b5 9. Qc2 Bb7 10. Bf4 Nc6 11. Rd1 Nb4 12. Qd2 Rc8 13. Nc3 Nbd5 14. Ne5 c5 15. dxc5 Bxc5 16. Nxd5 Bxd5 17. Bxd5 Nxd5 18. Nd3 Nxf4 19. Qxf4 Qb6 20. Rac1 Bd6 21. Qe4 h6 22. Ne1 Bc5 23. e3 Rc7 24. b4 Be7 25. Rxc7 Qxc7 26. Nd3 Qc2 27. Rc1 Qxa2 28. Ne5 Qb2 29.
Rb1 Qd2 30. Qf3 Bxb4 31. Nc6 Bc5 32. Rd1 Qc2 33. Rd7 b4 34. Ne5 Qf5 35. Qxf5 exf5 36. Nd3 Rc8 37. Rb7 a5 38. Rb5 Be7 39. Rxa5 Rb8 40. Ra1 b3 41. Rb1 Bf6 42. Kf1 b2 43. Ke2 Rb3 44. Kd2 Kf8 45. Nc5 Ra3 46. Nd7+ Ke7 47.
Nxf6 Kxf6 48. Rxb2 Ra4 49. Kd3 Ra3+ 50. Ke2 Ra4 51. Kf3 Ra6 52. Rb5 Kg6 53. h3 Re6 54. Kf4 Re4+ 55. Kf3 Re6 56. g4 fxg4+ 57. hxg4 Rf6+ 58.
Kg3 Re6 59. Ra5 Rf6 60. f4 Kh7 61. e4 Rc6 62. Ra7 Rc3+ 63. Kh4 Rc4 64. Re7 Kg6 65. f5+ Kf6 66. Re8 Rc5 67. Rb8 Re5 68. Rb4 Re7 69. Kg3 Ke5 70. Kf3 Rd7 71. Rb5+ Kf6 72. Kf4 Rd4 73.
Rb6+ Ke7 74. Ke5 Ra4 75. Rb7+ Kf8 76. Kf4 Ra5 77. g5 Ra4 78. gxh6 gxh6 79. f6 Ra5 80.
Rb8# 1-0

[Event "Early-Titled-Tuesday-Blitz-October-10-2023"]
[Site "Chess.com"]
[Date "2023.10.10"]
[Round "5"]
[White "unclear15"]
[Black "whiteglovethief"]
[Result "1/2-1/2"]
[WhiteElo "2439"]
[BlackElo "2547"]
[TimeControl "180+1"]
[EndTime "8:55:51 PDT"]
[Termination "Game drawn - insufficient material"]

1. e4 e6 2. Nf3 d5 3. Nc3 d4 4. Ne2 c5 5. c3 Nf6 6. Ng3 Nc6 7. Bd3 Be7 8. O-O O-O 9. e5 Nd7 10. Re1 Qc7 11. Qe2 Rd8 12. Qe4 Nf8 13. Bc2 b5 14.
a4 Bb7 15. Qf4 a6 16. Nh5 Ng6 17. Qg3 d3 18. Bd1 c4 19. h4 Ncxe5 20. Nxe5 Bxh4 21. Qg4 Qc5 22. g3 Bf6 23. Nxf6+ gxf6 24. Nxg6 hxg6 25. Bf3 Bd5 26. b3 Qc6 27. Bxd5 Rxd5 28. bxc4 bxc4 29. Ba3 Kg7 30. Qf3 Re8 31. Kg2 Rh8 32. Be7 Rh2+ 33. Kg1 Rhh5 34. Qxf6+ Kg8 35. Rab1 Rb5 36. f3 Rhf5 37. Qd4 Qxf3 38. Qe3 Qxe3+ 39. dxe3 Rxb1 40. Rxb1 Kg7 41. Rd1 Ra5 42. Ra1 d2 43. Kf2 Rxa4 44. Rd1 Ra2 45. Ke2 Rc2 46. Bb4 Kf6 47. Rxd2 Rxd2+ 48. Kxd2 Kf5 49. Bc5 Kg4 50. Bd6 Kf3 51. Bc7 a5 52.
Bxa5 Kxg3 53. Bc7+ Kf3 54. Bf4 f6 55. Bh6 g5 56.
Bg7 g4 57. Bxf6 g3 58. e4 Kf2 59. Bd4+ Kf1 60. Ke3 e5 61. Bc5 g2 62. Kf3 g1=Q 63.
Bxg1 Kxg1 64. Kg4 Kf2 65. Kf5 Ke3 66. Kxe5 Kd3 67. Kd5 Kxc3 68. e5 Kb3 69. e6 c3 70.
e7 c2 71. e8=Q c1=Q 72. Qb5+ Kc2 73. Qc4+ Kb1 74. Qxc1+ Kxc1 1/2-1/2

[Event "Early-Titled-Tuesday-Blitz-October-10-2023"]
[Site "Chess.com"]
[Date "2023.10.10"]
[Round "5"]
[White "SALVA-DALI"]
[Black "Likvidator228"]
[Result "1-0"]
[WhiteElo "2750"]
[BlackElo "2577"]
[TimeControl "180+1"]
[EndTime "8:56:22 PDT"]
[Termination "SALVA-DALI won by resignation"]

1. e4 c5 2. Nc3 g6 3. g3 Bg7 4. Bg2 Nc6 5. f4 e6 6. e5 d6 7. exd6 Qxd6 8. Nf3 Nf6 9. O-O O-O 10. d3 Nd5 11.
Bd2 Nxc3 12. Bxc3 Nd4 13. Ne5 Rb8 14. a4 b6 15. Nc4 Qc7 16. Qd2 Bb7 17. Rae1 Bxg2 18.
Qxg2 a6 19. Kh1 b5 20. axb5 axb5 21. Ne5 Rbd8 22. Rf2 Rd5 23. Qe4 Rfd8 24. Bxd4 cxd4 25. h4 h5 26. Ree2 Ra8 27. Kh2 Ra1 28. Nf3 Rc1 29. Ng5 Qd7 30. Qf3 Bf6 31. Ne4 Be7 32. Rg2 Kf8 33.
Rgf2 Kg7 34. Ng5 Qc6 35. Qe4 Bf6 36. b4 Rd6 37. Nf3 Qxe4 38. dxe4 d3 39. cxd3 Rxd3 40. f5 exf5 41. exf5 Rcc3 42. Kg2 Bd4 43. Rf1 Bf6 44. fxg6 fxg6 45. Ra2 Rd7 46. Ra6 Rc2+ 47. Kh3 Rf7 48. Re1 Rc4 49. Ree6 Rxb4 50. Ng5 Bxg5 51. Rxg6+ Kf8 52.
Rxg5 Rb3 53. Rxh5 Rff3 54. Rg5 Ke7 55. h5 Rb1 56. h6 Rf7 57. Ra7+ Kf6 58. Rxf7+ Kxf7 59. Kg4 Rh1 60. Rxb5 Rxh6 61. Rb7+ Kg8 62. Kg5 Rc6 63.
g4 Rc5+ 64. Kh6 Rc6+ 65. Kh5 Kh8 66. g5 Kg8 67. Rd7 Rb6 68. Re7 Rc6 69. Re5 Kg7 70.
Re7+ Kg8 71. Rd7 Rb6 72. Rd4 Kg7 73. Rf4 Rc6 74. Ra4 Rb6 75. Rc4 Ra6 76. Rc7+ Kg8 77. Kg4 Ra5 78. Rc6 Kg7 79. Kh5 Rb5 80. Rc7+ Kg8 81. Kh6 Rb1 82. Rc8+ Kf7 83. g6+ Kf6 84. Rf8+ Ke7 85. g7 Rh1+ 86. Kg6 Rg1+ 87. Kh7 Rh1+ 88. Kg8 Rh2 89. Rf3 Ke8 90. Re3+ Kd7 91. Re4 Rh3 92.
Kf7 Rf3+ 93. Kg6 Rg3+ 94. Kf6 Rf3+ 95. Kg5 Rg3+ 96. Rg4 1-0

[Event "Early-Titled-Tuesday-Blitz-October-10-2023"]
[Site "Chess.com"]
[Date "2023.10.10"]
[Round "5"]
[White "djokovic74"]
[Black "HajiyevKanan"]
[Result "1-0"]
[WhiteElo "2750"]
[BlackElo "2585"]
[TimeControl "180+1"]
[EndTime "8:56:26 PDT"]
[Termination "djokovic74 won on time"]

1. c4 c6 2. Nf3 d5 3. g3 Nf6 4. Bg2 g6 5. b3 Bg7 6. Bb2 O-O 7. O-O Bg4 8. d3 a5 9. Nbd2 Nbd7 10. h3 Bxf3 11. Nxf3 Re8 12. Rc1 e5 13. cxd5 cxd5 14. d4 e4 15. Ne5 a4 16. bxa4 Qa5 17. Nxd7 Nxd7 18. Qb3 Nb6 19. Rc5 Qa6 20. Rfc1 e3 21. fxe3 Nxa4 22. Rxd5 Qxe2 23. Rd7 Qxe3+ 24. Qxe3 Rxe3 25.
Bxb7 Rb8 26. Ba1 Rxg3+ 27. Kh2 Ra3 28. Bd5 Rf8 29. Rxf7 Rxf7 30. Rf1 Nc3 31. Bxf7+ Kh8 32. Bxc3 Rxc3 33. Rd1 Bf6 34. Bb3 Kg7 35. d5 Be5+ 36.
Kg2 Rg3+ 37. Kf2 Bd6 38. Rc1 Rxh3 39. Rc6 Bf4 40. Bc4 g5 41. d6 Kf6 42. d7+ Ke7 43. Be6 Rd3 44. Rc8 Rxd7 45. Bxd7 Kxd7 46. Rh8 Kc6 47.
Rxh7 Kb5 48. Ra7 Kb4 49. a4 Kc5 50. Ra8 Kb6 51. Kf3 Kb7 52. Rf8 Kb6 53. Rf5 Bc1 54.
Rb5+ Ka6 55. Rf5 Bf4 56. Ke2 Kb6 57. Kd3 Ka6 58. Kc4 Be3 59. Kb4 Bd2+ 60. Kc4 Be3 61. Kb3 Bd2 62. Rd5 Bf4 63. a5 Bd2 64. Ka4 Bf4 65. Rf5 Be3 66. Rf6+ Kb7 67. Rg6 Ka7 68. Kb5 Kb7 69. a6+ Ka7 70. Rg7+ Ka8 71. Kc6 Bf4 72. Kd5 Be3 73. Ke4 Bf4 74. Kd3 Kb8 75. Kc4 Ka8 76. Kb5 Be3 77. Kc6 Bf4 78. Kc5 Be3+ 79. Kc4 Bf4 80. Kb4 Kb8 81. a7+ Ka8 82. Kb5 Be5 83.
Rf7 Bd6 84. Ka6 g4 85. Rg7 Bg3 86. Rg8+ 1-0

[Event "Early-Titled-Tuesday-Blitz-October-10-2023"]
[Site "Chess.com"]
[Date "2023.10.10"]
[Round "5"]
[White "alexrustemov"]
[Black "wqws"]
[Result "1/2-1/2"]
[WhiteElo "2859"]
[BlackElo "2667"]
[TimeControl "180+1"]
[EndTime "8:57:05 PDT"]
[Termination "Game drawn by repetition"]

1. d4 Nf6 2. c4 g6 3. Nf3 Bg7 4. g3 O-O 5. Bg2 d6 6. Nc3 Nc6 7. O-O a6 8. h3 Rb8 9. e4 e5 10. Be3 exd4 11. Nxd4 Bd7 12. Rc1 Re8 13. b3 Qc8 14.
Kh2 h5 15. f3 Ne5 16. Qd2 h4 17. g4 Nc6 18. Nxc6 Bxc6 19. Bg5 Qd8 20. f4 Qd7 21. Rce1 Nxg4+ 22. hxg4 Qxg4 23. Re3 f6 24. Bh3 Qh5 25. Rg1 fxg5 26. Rxg5 Qh6 27. Nd5 Bxd5 28. Qxd5+ Kh7 29.
Re2 Re5 30. Qd2 Rxg5 31. fxg5 Be5+ 32. Kg2 Qg7 33. Rf2 Rf8 34. Rxf8 Qxf8 35. Qf2 Qxf2+ 36. Kxf2 Bf4 37. Bc8 Bxg5 38. Bxb7 a5 39. Kf3 Kg7 40. Kg4 Be7 41. a3 g5 42. b4 axb4 43. axb4 Kf6 44. b5 Ke5 45. Bd5 Kd4 46. Kh3 Ke3 47. Be6 Kxe4 48.
Kg4 Ke5 49. Bd7 Bd8 50. Kh3 Kf4 51. Be6 Bf6 52. Bd7 Ke4 53. Be6 Kd4 54. Kg4 Kc5 55. Kh3 Be5 56. Kg4 Bf4 57. Kh3 Kd4 58. Kg4 Ke3 59.
Bd7 Kf2 60. Kh3 Be3 61. Bg4 Bd2 62. Bd7 Bc3 63. Be6 Bb4 64. Bd7 Ba5 65. Be6 Ke3 66. Bd7 Ke4 67. Be6 Kd4 68. Kg4 Bd2 69. Kh3 Be3 70. Kg4 Bc1 71. Kh3 Ke5 72. Bd7 Kf6 73.
Kg4 Bf4 74. Bc8 Ke7 75. Bf5 Kd8 76. Be6 Ke7 77. Bf5 Kf7 78. Bc8 Kf6 79. Kh3 Ke5 80. Kg4 Kd4 81. Be6 Kc5 82. Kh3 c6 83. bxc6 Kxc6 84.
Kg4 Kc5 85. Kh3 Kd4 86. Kg4 Ke3 87. Kh3 Kf2 88. Bd7 Kf3 89. Be6 Bg3 90. Bd7 Kf4 91.
Be6 Ke5 92. Bd7 Kf6 93. Kg4 Ke7 94. Bc8 Kd8 95. Bf5 Bf4 96. Be6 Kc7 97. Bf5 Kb6 98. Be6 Kc5 99. Kh3 Kd4 100. Kg4 Ke4 101. Kh3 Kf3 102. Bd7 Be5 103. Be6 Bf6 104. Bd7 Kf4 105. Be6 Be7 106.
Bd7 Ke5 107. Kg4 Kd4 108. Be6 Kc5 109. Kh3 Kb4 110. Kg4 Kc3 111. Kh3 Kd4 112. Kg4 Ke3 113. Kh3 Kf2 114. Bd7 Kg1 115. Be6 Kh1 116. Bd7 Kg1 117. Be6 Kf2 118. Bd7 Ke3 119. Be6 Kd4 120. Kg4 1/2-1/2

[Event "Early-Titled-Tuesday-Blitz-October-10-2023"]
[Site "Chess.com"]
[Date "2023.10.10"]
[Round "5"]
[White "Arash_Tahbaz"]
[Black "Iball95"]
[Result "1/2-1/2"]
[WhiteElo "2931"]
[BlackElo "2788"]
[TimeControl "180+1"]
[EndTime "8:57:13 PDT"]
[Termination "Game drawn - insufficient material"]

1. Nf3 c5 2. g3 d5 3. Bg2 Nf6 4. O-O Nc6 5. d4 e6 6. c4 Be7 7. cxd5 exd5 8. dxc5 Bxc5 9. a3 a5 10. Qa4 O-O 11. b4 Bb6 12. b5 Nb8 13. Bb2 Be6 14. Nc3 Nbd7 15. Rad1 Rc8 16. Nd4 Rc4 17. Nxe6 fxe6 18.
Qb3 Nc5 19. Qxc4 dxc4 20. Rxd8 Rxd8 21. Rd1 Rxd1+ 22. Nxd1 Nd5 23. Nc3 Nxc3 24. Bxc3 Na4 25. Be5 Bc5 26. Bxb7 Bxa3 27. Be4 Kf7 28. Bc2 Nb6 29. Bd4 Nd7 30. Kf1 Bc5 31. Ba1 g6 32. f4 Ke7 33. e4 Kd6 34. h4 Kc7 35. f5 exf5 36. exf5 gxf5 37. Bxf5 Nf8 38. g4 Kb6 39.
g5 Kxb5 40. Ke2 a4 41. h5 a3 42. Kd1 Bb4 43. Kc2 Kc5 44. Bg7 Kd5 45. g6 hxg6 46. hxg6 Be7 47. Bc3 Nxg6 48. Bxg6 Bc5 49. Bf7+ Kc6 50.
Bxc4 Bd6 51. Bd3 Kd7 52. Kb3 Ke7 53. Bc4 Kd7 54. Kc2 Kc6 55. Bd4 Bc5 56. Ba1 Bd6 57.
Kd3 Bc5 58. Ke4 Bd6 59. Bf6 Bc5 60. Bd5+ Kd6 61. Be5+ Kd7 62. Bb3 Bd6 63. Bd4 Kc6 64.
Ba4+ Kc7 65. Kd5 Bg3 66. Bc5 a2 67. Bd4 Bf2 68. Be5+ Kb6 69. Bb3 a1=Q 70. Bxa1 Bg1 71.
Bc4 Bf2 72. Bf6 Ka5 73. Be7 Be3 74. Bd3 Bf2 75. Kc4 Kb6 76. Be4 Bg1 77. Bd8+ Ka6 78.
Bf5 Bb6 79. Bc8+ Ka7 80. Be7 Kb8 81. Ba6 Kc7 82. Kd5 Bg1 83. Be2 Bf2 84. Bd6+ Kb6 85.
Bc4 Be3 86. Be7 Kc7 87. Bf6 Bf4 88. Bc3 Be3 89. Be5+ Kb6 90. Bg3 Bg1 91. Be2 Be3 92. Bf3 Bg1 93. Bh4 Kc7 94. Be7 Bf2 95. Bd6+ Kb6 96. Bf4 Bg1 97. Ke6 Bf2 98. Kd7 Kb5 99.
Be3 Bxe3 1/2-1/2

[Event "Early-Titled-Tuesday-Blitz-October-10-2023"]
[Site "Chess.com"]
[Date "2023.10.10"]
[Round "6"]
[White "MikeSailer"]
[Black "DvaHrasta"]
[Result "1/2-1/2"]
[WhiteElo "2146"]
[BlackElo "2440"]
[TimeControl "180+1"]
[EndTime "8:59:13 PDT"]
[Termination "Game drawn by repetition"]

1. d4 Nf6 2. Bg5 c5 3. Bxf6 gxf6 4. Nc3 Qb6 5. e3 Qxb2 6. Nb5 Na6 7. Rb1 Qxa2 8. Ra1 Qb2 9. Rb1 Qa2 10. Ra1 Qb2 11. Rb1 Qa2 1/2-1/2

[Event "Early-Titled-Tuesday-Blitz-October-10-2023"]
[Site "Chess.com"]
[Date "2023.10.10"]
[Round "6"]
[White "c63_amg"]
[Black "Aswathchess"]
[Result "1-0"]
[WhiteElo "2809"]
[BlackElo "2624"]
[TimeControl "180+1"]
[EndTime "8:59:48 PDT"]
[Termination "c63_amg won by checkmate"]

1. e4 g6 2. d4 Bg7 3. Nc3 d6 4. f4 a6 5. Nf3 b5 6. Bd3 Nd7 7. a4 b4 8. Nd5 a5 9. c3 Bb7 10. Ne3 c5 11. O-O cxd4 12. cxd4 Ngf6 13. e5 Nd5 14. e6 fxe6 15. Ng5 Bxd4 16. Nxe6 Nxe3 17. Bxg6+ hxg6 18. Qxd4 Qb6 19. Qxh8+ Kf7 20. Ng5# 1-0

[Event "Early-Titled-Tuesday-Blitz-October-10-2023"]
[Site "Chess.com"]
[Date "2023.10.10"]
[Round "6"]
[White "Shiirav"]
[Black "Battever"]
[Result "1-0"]
[WhiteElo "2666"]
[BlackElo "2515"]
[TimeControl "180+1"]
[EndTime "9:00:12 PDT"]
[Termination "Shiirav won by resignation"]

1. d4 Nf6 2. c4 e6 3. Nf3 Bb4+ 4.
Nbd2 b6 5. a3 Bxd2+ 6. Qxd2 Bb7 7. e3 O-O 8. Be2 d6 9. O-O Nbd7 10. b4 e5 11. Bb2 Re8 12. d5 b5 13. Qc2 bxc4 14.
e4 c6 15. dxc6 Bxc6 16. Bxc4 Rf8 17. Bxf7+ Rxf7 18. Qxc6 Qb6 19. Qxa8+ 1-0

[Event "Early-Titled-Tuesday-Blitz-October-10-2023"]
[Site "Chess.com"]
[Date "2023.10.10"]
[Round "6"]
[White "Lion-Al-Messi"]
[Black "Daniel_Salinas"]
[Result "1-0"]
[WhiteElo "2625"]
[BlackElo "2442"]
[TimeControl "180+1"]
[EndTime "9:00:16 PDT"]
[Termination "Lion-Al-Messi won by resignation"]

1. e4 d6 2. d4 Nf6 3. Nc3 e5 4. Nf3 Nbd7 5. Be2 Be7 6. O-O O-O 7. Re1 c6 8. a4 Qc7 9. b3 b6 10. Ba3 a6 11. Qd2 Bb7 12. Rad1 b5 13. dxe5 Nxe5 14. Bxd6 Bxd6 15. Qxd6 Nxf3+ 16. Bxf3 Qa5 17. b4 Qb6 18. a5 Qa7 19. e5 Ne8 20. Qe7 Qb8 21.
Rd7 Bc8 22. Rd8 Qc7 23. Rxe8 1-0

[Event "Early-Titled-Tuesday-Blitz-October-10-2023"]
[Site "Chess.com"]
[Date "2023.10.10"]
[Round "6"]
[White "Denis_Makhnyov"]
[Black "NicolaiMaxime"]
[Result "1-0"]
[WhiteElo "2937"]
[BlackElo "2595"]
[TimeControl "180+1"]
[EndTime "9:00:33 PDT"]
[Termination "Denis_Makhnyov won by resignation"]

1. d4 Nf6 2. Nc3 d6 3. e4 Nbd7 4. Bc4 g6 5. Nf3 Bg7 6. Qe2 O-O 7. e5 Ne8 8. h3 e6 9. Bg5 f6 10. Bxe6+ Kh8 11. exf6 Ndxf6 12. O-O-O h6 13. Bd2 c6 14. Rhe1 b5 15. Nh4 Kh7 16. Qd3 Bxe6 17. Qxg6+ Kh8 18.
Rxe6 Qd7 19. Rde1 Qf7 20. Bxh6 Nc7 21. Re7 1-0

[Event "Early-Titled-Tuesday-Blitz-October-10-2023"]
[Site "Chess.com"]
[Date "2023.10.10"]
[Round "6"]
[White "lamomiajunior"]
[Black "Actuary44"]
[Result "0-1"]
[WhiteElo "2700"]
[BlackElo "2533"]
[TimeControl "180+1"]
[EndTime "9:00:33 PDT"]
[Termination "Actuary44 won by resignation"]

1. d4 Nf6 2. c4 g6 3. Nc3 Bg7 4.
e4 d6 5. h3 O-O 6. Be3 e5 7.
d5 c5 8. g4 Na6 9. Nf3 Nc7 10. Nd2 Rb8 11. a4 a6 12. Bd3 b5 13.
axb5 axb5 14. cxb5 Bd7 15. Qe2 Rb7 16. f3 Qe7 17. h4 Rfb8 18. Ra5 Qd8 19. h5 Ncxd5 20. Ra6 Nxc3 21. bxc3 Bxb5 22. Bxb5 Rxb5 23. hxg6 Rb1+ 24. Nxb1 Rxb1+ 25. Kd2 Rxh1 26. gxf7+ Kxf7 27. Qc4+ d5 28. Ra7+ Kg6 29. Qd3 c4 30. f4 Nxe4+ 31. Kc2 cxd3+ 0-1

[Event "Early-Titled-Tuesday-Blitz-October-10-2023"]
[Site "Chess.com"]
[Date "2023.10.10"]
[Round "6"]
[White "DTChess"]
[Black "kleopl"]
[Result "1-0"]
[WhiteElo "2634"]
[BlackElo "2465"]
[TimeControl "180+1"]
[EndTime "9:00:42 PDT"]
[Termination "DTChess won by resignation"]

1. e4 c5 2. Nf3 d6 3. Nc3 Nf6 4.
d4 cxd4 5. Nxd4 a6 6. Bc4 e6 7. Bb3 b5 8. a3 Be7 9. f3 O-O 10. Be3 Bd7 11. Qd2 Nc6 12. Nxc6 Bxc6 13. Bd4 Qc7 14. O-O Rfd8 15. Qf2 Rab8 16. Rfd1 d5 17. e5 Nd7 18. f4 g6 19. Rd3 Nb6 20. Rh3 Nc4 21. Rf1 Nxb2 22. g4 Bd7 23. f5 Bf8 24. fxg6 Be8 25. gxh7+ Kh8 26. Qf6+ Bg7 27. Qxg7+ 1-0

[Event "Early-Titled-Tuesday-Blitz-October-10-2023"]
[Site "Chess.com"]
[Date "2023.10.10"]
[Round "6"]
[White "artooon"]
[Black "Abund"]
[Result "1-0"]
[WhiteElo "3002"]
[BlackElo "2782"]
[TimeControl "180+1"]
[EndTime "9:00:45 PDT"]
[Termination "artooon won by resignation"]

1. e4 e5 2. Nc3 Nf6 3. Nf3 Nc6 4. g3 d5 5. exd5 Nxd5 6. Bg2 Nxc3 7. bxc3 Bd6 8. O-O O-O 9. Re1 Bf5 10. d3 Qd7 11.
Rb1 b6 12. Nd2 Bg4 13. Bxc6 Bxd1 14. Bxd7 Bxc2 15. Rb2 Bxd3 16. Ne4 Bxe4 17. Rxe4 Rad8 18.
Ba4 f5 19. Ree2 h6 20. Rbd2 Kf7 21. Rd5 Kf6 22. Kg2 g5 23. Red2 h5 24. Ba3 Ke6 25.
Bb3 Kf6 26. Bxd6 cxd6 27. Rxd6+ Ke7 28. Re6+ Kf7 29. Rxe5+ Kf6 30. Re6+ Kg7 31. Rxd8 Rxd8 32. Re7+ Kf6 33. Rxa7 Rd7 34. Rxd7 1-0

[Event "Early-Titled-Tuesday-Blitz-October-10-2023"]
[Site "Chess.com"]
[Date "2023.10.10"]
[Round "6"]
[White "Treasurechess777"]
[Black "HeinichessPY"]
[Result "1-0"]
[WhiteElo "2396"]
[BlackElo "2204"]
[TimeControl "180+1"]
[EndTime "9:00:48 PDT"]
[Termination "Treasurechess777 won by checkmate"]

1. Nf3 Nf6 2. b3 d6 3. d4 g6 4. Bb2 Bg7 5. e3 O-O 6. Bd3 Nbd7 7. Nbd2 e5 8. c4 Re8 9. Qc2 exd4 10. Bxd4 Ne5 11. Nxe5 dxe5 12. Bb2 c5 13. O-O-O Qa5 14. Kb1 e4 15. Nxe4 Nxe4 16. Bxg7 Kxg7 17. Bxe4 Rxe4 18. Qb2+ Kg8 19. b4 cxb4 20. Rd5 Qa3 21. Rd8+ Re8 22. Rxe8# 1-0

[Event "Early-Titled-Tuesday-Blitz-October-10-2023"]
[Site "Chess.com"]
[Date "2023.10.10"]
[Round "6"]
[White "lolo9292"]
[Black "Irishchessman16"]
[Result "0-1"]
[WhiteElo "2165"]
[BlackElo "2461"]
[TimeControl "180+1"]
[EndTime "9:00:57 PDT"]
[Termination "Irishchessman16 won by checkmate"]

1. d4 f5 2. g4 d5 3. g5 g6 4.
Bf4 Bg7 5. Nf3 c5 6. c3 Nc6 7. e3 Qb6 8. Qb3 e6 9. Bb5 Ne7 10. a4 a6 11. Bxc6+ Qxc6 12. Ne5 Bxe5 13. Bxe5 O-O 14. h4 f4 15. Bxf4 e5 16. Bxe5 Bg4 17. Nd2 Rae8 18. a5 Qe6 19. Qxb7 Qf5 20. Qxa6 Qxf2# 0-1

[Event "Early-Titled-Tuesday-Blitz-October-10-2023"]
[Site "Chess.com"]
[Date "2023.10.10"]
[Round "6"]
[White "amanmuhammethommadov"]
[Black "MikaelyanArman"]
[Result "0-1"]
[WhiteElo "2602"]
[BlackElo "2831"]
[TimeControl "180+1"]
[EndTime "9:01:04 PDT"]
[Termination "MikaelyanArman won by resignation"]

1. e4 e5 2. Nf3 Nc6 3. Bb5 a6 4. Ba4 Nf6 5. O-O Be7 6. Re1 b5 7.
Bb3 O-O 8. c3 d5 9. exd5 Nxd5 10. Nxe5 Nxe5 11. Rxe5 c6 12. d3 Bd6 13. Re1 Bf5 14. Qf3 Bg6 15. g3 Re8 16. Rxe8+ Qxe8 17.
Be3 Nxe3 18. fxe3 Bxd3 19. Nd2 Bc5 20. Re1 Rd8 21. Nf1 Bg6 22. Rd1 Rxd1 23. Qxd1 Bxe3+ 24. Nxe3 Qxe3+ 25. Kg2 Be4+ 26. Kf1 Bd3+ 27. Kg2 g6 28. Qg4 Qd2+ 0-1